 Dungeon Crawl Stone Soup version 0.20-a0-927-g1ae2c61 (webtiles) character file.

4339 theRoog the Cleaver (level 10, -10/86 HPs)
             Began as a Minotaur Berserker on Mar 28, 2017.
             Was a High Priest of Trog.
             Killed from afar by Joseph (11 damage)
             ... with a wand of acid (?/15)
             ... on level 8 of the Dungeon.
             The game lasted 00:15:03 (8875 turns).

theRoog the Cleaver (Minotaur Berserker)            Turns: 8875, Time: 00:15:04

Health: -10/86     AC: 15    Str: 25    XL:     10   Next: 12%
Magic:  8/8        EV:  6    Int:  4    God:    Trog [*****.]
Gold:   346        SH: 17    Dex:  8    Spells: 9/9 levels left

rFire    + . .     SeeInvis .   F - +0 war axe
rCold    . . .     Gourm    .   z - +0 large shield
rNeg     . . .     Faith    +   G - +1 chain mail {rF+}
rPois    .         Spirit   .   (helmet restricted)
rElec    .         Reflect  .   (no cloak)
rCorr    .         Harm     .   o - +0 pair of gloves
MR       .....                  (no boots)
Stlth    ..........             j - amulet of faith
Regen    0.3/turn               (no ring)
MPRegen  0.2/turn               (no ring)

@: no status effects
A: retaliatory headbutt, horns 2, molten scales 1, clumsy 1, low mp 1, no potion
heal 1
a: Berserk, Trog's Hand, Brothers in Arms, Burn Spellbooks, Renounce Religion


You were on level 8 of the Dungeon.
You worshipped Trog.
Trog was extremely pleased with you.
You were not hungry.

You visited 1 branch of the dungeon, and saw 8 of its levels.
You also visited: Sewer.

You collected 346 gold pieces.

Inventory:

Hand Weapons
 a - a +0 hand axe
 x - a +0 hand axe of chopping
 F - a +0 war axe (weapon)
Armour
 b - a +0 animal skin
 h - a +0 ring mail
 i - a +0 shield
 n - a +0 chain mail
 o - a +0 pair of gloves (worn)
 p - a +0 buckler
 z - a +0 large shield (worn)
 G - a +1 chain mail of fire resistance (worn)
Jewellery
 j - an amulet of faith (around neck)
 B - an uncursed amulet of regeneration {unknown}
 K - a +4 ring of strength {unknown}
Wands
 J - a wand of random effects (31/48)
Scrolls
 d - a scroll of amnesia
 e - a scroll of magic mapping {unknown}
 f - 6 scrolls of teleportation
 g - 3 scrolls of remove curse
 q - 2 scrolls of enchant weapon
 u - 4 scrolls of fear {unknown}
 y - 4 scrolls of identify
 A - 2 scrolls of random uselessness {unknown}
 C - 2 scrolls of recharging {unknown}
 D - 2 scrolls of noise {unknown}
 H - a scroll of fog {unknown}
Potions
 k - 2 potions of agility {unknown}
 m - 3 potions of mutation {unknown}
 s - 6 potions of flight
 t - a potion of invisibility {unknown}
 v - 2 potions of haste {unknown}
 w - a potion of curing {unknown}
 E - a potion of ambrosia {unknown}
 I - a potion of heal wounds
Comestibles
 c - a bread ration
 l - 2 meat rations
 r - 2 royal jellies


   Skills:
 + Level 7.6 Fighting
 + Level 10.3 Axes
 + Level 8.9 Armour
 + Level 3.9 Dodging
 + Level 1.2 Stealth
 + Level 9.0 Shields


You had 9 spell levels left.
You didn't know any spells.

Dungeon Overview and Level Annotations

Branches:
Dungeon (8/15)             Temple (0/1) D:7
   Lair: D:8-11

Altars:
Ashenzari
Dithmenos
Fedhas
Gozag
Nemelex Xobeh
Okawaru
Ru
Sif Muna
Uskayaw
Vehumet
Wu Jian
Yredelemnul
Zin
The Shining One

Annotations:
D:8 Joseph, Psyche


Innate Abilities, Weirdness & Mutations

You reflexively headbutt those who attack you in melee.
You have a pair of horns on your head.
You are partially covered in molten scales. (AC +2)
You are clumsy. (Dex -2)
Your magical capacity is low. (-10% MP)
Potions are less effective at restoring your health.


Message History

You slice Joseph!!
Joseph is moderately wounded.
Joseph unwields an uncursed enchanted hunting sling.
Joseph wields an uncursed quarterstaff.
You block Joseph's attack.
You hit Joseph but do no damage. You headbutt Joseph.
Joseph is moderately wounded.
Joseph zaps a wand.
The bolt of acid hits you!
* * * LOW HITPOINT WARNING * * *
You are splashed with acid!
The acid burns!
* * * LOW HITPOINT WARNING * * *
You slash Joseph!
Joseph is heavily wounded.
You block Joseph's attack.
You slash Joseph! Your headbutt misses Joseph.
Joseph is severely wounded.
Joseph hits you but does no damage.
You closely miss Joseph.
Joseph is severely wounded.
Joseph zaps a wand.
The bolt of acid hits you!
You die...

............# #.
............# #.
............# #.
............# #.
............## #.
.............#############.
..........†#..†>)))........
...#.....#################
#####...@@(.#
.#........##.#
.......(..##..#
................
..........##.####
...............
....>...........
...............
...........####


You could see Joseph.

Vanquished Creatures
  The ghost of tony the Arsonist, a novice DEFE of Sif Muna (D:7)
  A hippogriff (D:8)
  The ghost of Apophis the Slasher, an amateur DrMo (D:4)
  Grum (D:8)
  2 water moccasins (D:6)
  An orc warrior (D:7)
  A sky beast (D:7)
  An ice beast (D:7)
  A black bear (D:5)
  6 ogres
  A centaur (D:7)
  4 wolves (D:8)
  Blork the orc (D:5)
  A big kobold (D:7)
  4 bullfrogs
  4 scorpions
  2 water moccasin skeletons
  12 killer bees
  A howler monkey (D:4)
  A crimson imp (D:5)
  2 orc priests
  2 hounds
  A centaur skeleton (D:6)
  3 orc wizards
  A merfolk siren (Sewer)
  4 worker ants
  A merfolk avatar (Sewer)
  A worker ant zombie (D:5)
  8 adders
  2 river rats (Sewer)
  3 gnolls (D:6)
  2 shadow imps
  3 oozes
  2 adder skeletons
  2 adder zombies
  A worm (D:2)
  A dart slug (D:1)
  9 leopard geckos
  10 orcs
  10 giant cockroaches
  5 goblins
  12 hobgoblins
  11 kobolds
  8 quokkas
  5 ball pythons
  6 bats
  9 frilled lizards
  A jackal skeleton (D:6)
  35 rats
207 creatures vanquished.

Notes
Turn   | Place    | Note
-------+----------+-------------------------------------------
     0 | D:1      | theRoog the Minotaur Berserker began the quest for the Orb.
     0 | D:1      | Reached XP level 1. HP: 19/19 MP: 0/0
   151 | D:1      | Reached XP level 2. HP: 13/27 MP: 1/1
   313 | D:1      | Reached skill level 4 in Axes
   611 | D:1      | Reached XP level 3. HP: 34/34 MP: 2/2
  1036 | D:2      | Reached ** piety under Trog
  1356 | D:2      | Found a sacrificial altar of Ru.
  1734 | D:2      | Reached XP level 4. HP: 39/41 MP: 3/3
  1936 | D:3      | Reached skill level 5 in Axes
  2304 | D:3      | Found a glowing drain.
  2313 | Sewer    | Entered a sewer
  2358 | Sewer    | Reached *** piety under Trog
  2421 | Sewer    | Reached XP level 5. HP: 31/47 MP: 4/4
  3482 | D:3      | Found a shadowy altar of Dithmenos.
  3729 | D:4      | Noticed an ogre
  3739 | D:4      | Killed an ogre
  3739 | D:4      | Reached skill level 5 in Fighting
  3739 | D:4      | Reached skill level 6 in Axes
  3739 | D:4      | Reached skill level 1 in Shields
  3739 | D:4      | Reached XP level 6. HP: 6/56 MP: 5/5
  4268 | D:4      | Reached **** piety under Trog
  4268 | D:4      | Reached skill level 5 in Armour
  4288 | D:4      | Noticed Apophis's ghost (amateur DrMo)
  4310 | D:4      | Killed Apophis's ghost
  4310 | D:4      | Reached XP level 7. HP: 47/61 MP: 6/6
  4360 | D:4      | Found an ornate altar of the Wu Jian Council.
  4826 | D:5      | Entered Level 5 of the Dungeon
  4876 | D:5      | Found a shattered altar of Ashenzari.
  4906 | D:5      | Reached skill level 7 in Axes
  4986 | D:5      | Found a glowing golden altar of the Shining One.
  4998 | D:5      | Reached XP level 8. HP: 50/70 MP: 7/7
  5062 | D:5      | Noticed Blork the orc
  5401 | D:5      | Killed Blork the orc
  5818 | D:5      | Found a deep blue altar of Sif Muna.
  5856 | D:5      | Found a blossoming altar of Fedhas.
  6023 | D:6      | Found a hide-covered altar of Uskayaw.
  6031 | D:6      | Reached skill level 8 in Axes
  6199 | D:6      | Reached skill level 1 in Stealth
  6415 | D:6      | Found an iron altar of Okawaru.
  6434 | D:6      | Reached ***** piety under Trog
  6434 | D:6      | Reached skill level 5 in Shields
  6502 | D:7      | Noticed tony's ghost (novice DEFE)
  6514 | D:6      | Reached XP level 9. HP: 44/78 MP: 8/8
  6876 | D:7      | Reached skill level 9 in Axes
  6902 | D:7      | Killed tony's ghost
  7275 | D:7      | Gained mutation: Potions are less effective at restoring your health. [mutagenic meat]
  7276 | D:7      | Gained mutation: Your magical capacity is low. (-10% MP) [mutagenic meat]
  7277 | D:7      | Gained mutation: You are partially covered in molten scales. (AC +2) [mutagenic meat]
  7278 | D:7      | Gained mutation: You are clumsy. (Dex -2) [mutagenic meat]
  7605 | D:7      | Found a staircase to the Ecumenical Temple.
  8286 | D:7      | Found a sparkling altar of Nemelex Xobeh.
  8446 | D:7      | Found an opulent altar of Gozag.
  8449 | D:7      | Found a basalt altar of Yredelemnul.
  8452 | D:7      | Found a radiant altar of Vehumet.
  8638 | D:8      | Found a glowing silver altar of Zin.
  8642 | D:8      | Got a faintly glowing hat
  8648 | D:8      | Identified the +4 hat "Ihef Gudgh" {rElec MP+9 Str-4} (You found it on level 8 of the Dungeon)
  8678 | D:8      | Noticed Grum
  8689 | D:8      | Reached skill level 10 in Axes
  8712 | D:8      | Killed Grum
  8720 | D:8      | Reached XP level 10. HP: 33/86 MP: 8/8
  8748 | D:8      | Noticed a two-headed ogre
  8837 | D:8      | Noticed Psyche
  8857 | D:8      | Noticed Joseph
  8872 | D:8      | HP: 1/86 [acid (14)]
  8875 | D:8      | Killed from afar by Joseph

Vault maps used:
D:1:      lightli_arrival_windingriver, minmay_pentomino_u2
D:2:      lemuel_round_altar, minmay_rat_gold_closets
D:3:      nicolae_dithmenos_through_a_glass_darkly, lightli_sewer_entry_pipes,
          first_bread
D:4:      marbit_many_paths
D:5:      lemuel_round_altar, evilmike_ruin_ashenzari, lemuel_blue_sif_altar,
          basic_altar, uniq_blork_the_orc
D:6:      kennysheep_little_box, eat_drink_and_be_merry_uskayaw
D:7:      nemelex_xobeh_ov_fountains_minmay, grunt_temple_overflow_diamond,
          minmay_temple_entry_large_hall
D:8:      grunt_qazlal_clouds, basic_altar, uniq_grum, uniq_psyche, uniq_joseph
Sewer:    sewer_sea

Skill      XL: |  1  2  3  4  5  6  7  8  9 10 |
---------------+-------------------------------+-----
Axes           | 4 5 6 7 8 10 | 10.3
Fighting       | 4 5 6 7 |  7.6
Armour         | 3 4 5 6 7 8 |  8.9
Shields        | 1 2 3 5 8 9 |  9.0
Dodging        | 3 |  3.9
Stealth        | 1 |  1.2

Action                   |  1- 3 |  4- 6 |  7- 9 | 10-12 || total
-------------------------+-------+-------+-------+-------++-------
Melee: Hand axe          |   102 |   194 |   295 |       ||   591
       Headbutt          |    15 |    25 |    55 |     3 ||    98
       War axe           |       |       |    63 |    25 ||    88
Invok: Burn Spellbooks   |       |     1 |       |       ||     1
       Trog's Hand       |       |       |     1 |       ||     1
       Berserk           |       |       |     1 |     1 ||     2
  Use: Potion            |       |     4 |     1 |       ||     5
       Scroll            |       |     4 |     1 |       ||     5
  Eat: Chunk             |     3 |     1 |     8 |       ||    12
       Meat ration       |       |     1 |     1 |       ||     2
       Bread ration      |       |     1 |       |     1 ||     2
       Fruit             |       |       |     4 |       ||     4
Armor: Ring mail         |    12 |       |       |       ||    12
       Animal skin       |     2 |       |       |       ||     2
       Chain mail        |     7 |    88 |   169 |     8 ||   272
Dodge: Dodged            |    41 |    74 |    80 |     6 ||   201
Block: Buckler           |       |     6 |       |       ||     6
       Shield            |       |    35 |    61 |       ||    96
       Large shield      |       |       |   278 |    20 ||   298
